 Dungeon Crawl Stone Soup version 0.29.0-4-gdea44cf6ec (webtiles) character file.

Game seed: 16710184343417624238

32 qw the Chopper (level 3, 0/21 HPs)
             Began as a Tengu Warper on Aug 28, 2022.
             Slain by Grinder (6 damage)
             ... while paralysed by Grinder
             ... on level 3 of the Dungeon.
             The game lasted 00:00:08 (1826 turns).

qw the Chopper (Tengu Warper)                       Turns: 1826, Time: 00:00:08

Health: 0/21       AC:  6    Str: 13    XL:     3   Next: 27%
Magic:  7/7        EV:  2    Int: 13    God:
Gold:   156        SH:  0    Dex: 13    Spells: 6/6 levels left

rFire   . . .      SeeInvis .   Y - +0 hand axe
rCold   . . .      Faith    .   (no shield)
rNeg    + . .      Spirit   .   h - +0 scale mail
rPois   .          Reflect  .   (helmet restricted)
rElec   .          Harm     .   (no cloak)
rCorr   .          Rampage  .   (no gloves)
Will    .....                   (boots unavailable)
Stlth   ..........              (no amulet)
HPRegen 0.07/turn               i - ring of positive energy
MPRegen 0.10/turn               (no ring)

@: paralysed
A: beak, talons 3
a: no special abilities


You were on level 3 of the Dungeon.
You visited 1 branch of the dungeon, and saw 3 of its levels.

You collected 156 gold pieces.


Innate Abilities, Weirdness & Mutations

You have a beak for a mouth.
You have claws for feet.


   Skills:
 - Level 2.0 Fighting
 + Level 4.0 Axes
 - Level 1.0 Throwing
 - Level 1.1 Armour
 - Level 2.1 Dodging
 - Level 2.0 Spellcasting
 - Level 2.4 Translocations


You had 6 spell levels left.
You didn't know any spells.
Your spell library contained the following spells:

 Spells                   Type           Power      Damage    Failure   Level
 Blink                    Tloc           14%        N/A       56%         2
 Gell's Gravitas          Tloc           7%         N/A       80%         3
 Lesser Beckoning         Tloc           7%         N/A       80%         3
 Teleport Other           Tloc           7%         N/A       80%         3
 Manifold Assault         Tloc           7%         N/A       100%        5

Inventory:

Hand Weapons
 d - a +0 club
 Y - a +0 hand axe (weapon)
Missiles
 c - a boomerang (quivered)
Armour
 h - a +0 scale mail (worn)
Jewellery
 i - a ring of positive energy (left hand)
Scrolls
 a - a scroll of identify
Potions
 g - a potion of heal wounds {unknown}

Dungeon Overview and Level Annotations

Branches:
Dungeon (3/15)

Altars:

Shops:
D:2 :

Annotations:
D:3 Grinder


Message History

You hit Grinder but do no damage. You peck Grinder.
Grinder is lightly wounded.
You hit the goblin. Grinder gestures at you. Pain shoots through your body!
The goblin hits you but does no damage.
You completely miss the goblin. Your peck misses the goblin.
The goblin is severely wounded.
You hit Grinder. Grinder gestures at you. You resist with significant effort.
The goblin hits you but does no damage.
You hit the goblin but do no damage. You peck the goblin.
You kill the goblin!
You hit Grinder but do no damage.
Grinder says, "Make like a tree!"
Grinder hits you! Grinder hits you but does no damage.
You hit Grinder but do no damage. Your peck misses Grinder.
Grinder is lightly wounded.
Grinder closely misses you.
You hit Grinder but do no damage. You peck Grinder, but do no damage.
Grinder is lightly wounded.
Grinder hits you but does no damage.
You hit Grinder. You peck Grinder.
Grinder is lightly wounded.
Grinder hits you but does no damage.
You closely miss Grinder.
Grinder is lightly wounded.
Grinder closely misses you.
You hit Grinder. You peck Grinder, but do no damage.
Grinder is moderately wounded.
Grinder hits you but does no damage.
You slash Grinder!
Grinder is moderately wounded.
Grinder hits you.
You hit Grinder.
Grinder is heavily wounded.
Grinder blinks!
Grinder gestures at you.
You suddenly lose the ability to move!
Grinder hits you.
You die...

......#.....#
......#.....#
............#
#..#......# .
#......S.# .. #.)# ...
#..# #... #..##
.....######## #.@.#
.#..........###.5.###
.......<.##.........#
#.#..###.####.##..#..#
#......#....##^.##.#
#.####...#####..# .#
#... .... . #...#
#..## # ##..# ..#


You could see Grinder.

Vanquished Creatures
  A worm (D:2)
  A dart slug (D:1)
  2 bats
  3 endoplasms
  A giant cockroach (D:1)
  A kobold (D:2)
  2 quokkas (D:2)
  5 ball pythons
  A frilled lizard (D:2)
  5 goblins
  5 rats
27 creatures vanquished.

Notes
Turn   | Place    | Note
-------+----------+-------------------------------------------
     0 | D:1      | qw the Tengu Warper began the quest for the Orb.
     0 | D:1      | Reached XP level 1. HP: 12/12 MP: 4/4
     0 | D:1      | 0 ||| qw: Version: 0.1-a-89-g26bdef1
     0 | D:1      | 0 ||| qw: Game counter: 2074
     0 | D:1      | 0 ||| qw: Always use a shield: true
     0 | D:1      | 0 ||| qw: God list: Okawaru
     0 | D:1      | 0 ||| qw: Allow faded altars: false
     0 | D:1      | 0 ||| qw: Do Orc after D:15 true
     0 | D:1      | 0 ||| qw: Do second Lair branch before Depths: true
     0 | D:1      | 0 ||| qw: Lair rune preference: random
     0 | D:1      | 0 ||| qw: Plans: Normal
     0 | D:1      | 0 ||| PLANNING D:1-11
   551 | D:1      | Reached XP level 2. HP: 17/17 MP: 6/6
   559 | D:1      | Reached skill level 3 in Axes
   772 | D:1      | 772 ||| UPGRADING to +0 ring mail.
   782 | D:1      | 782 ||| DROPPING +0 leather armour.
   783 | D:1      | 783 ||| READING scroll labelled CAOHAB RIOSAZ.
   784 | D:1      | 784 ||| DROPPING scroll of blinking.
  1076 | D:2      | 1076 ||| Stepping ~*~*~tactically~*~*~ (stealth).
  1155 | D:2      | 1155 ||| Stepping ~*~*~tactically~*~*~ (stealth).
  1156 | D:2      | 1156 ||| Stepping ~*~*~tactically~*~*~ (stealth).
  1158 | D:2      | 1158 ||| Stepping ~*~*~tactically~*~*~ (stealth).
  1169 | D:2      | Found a faded altar of an unknown god.
  1172 | D:2      | 1172 ||| Stepping ~*~*~tactically~*~*~ (stealth).
  1174 | D:2      | 1174 ||| Stepping ~*~*~tactically~*~*~ (hiding).
  1321 | D:2      | Reached XP level 3. HP: 21/21 MP: 7/7
  1327 | D:2      | Found Fuetirph's Vocational Training.
  1755 | D:2      | 1755 ||| UPGRADING to +0 scale mail.
  1765 | D:2      | 1765 ||| DROPPING +0 ring mail.
  1766 | D:2      | 1766 ||| UPGRADING to ring of positive energy.
  1767 | D:2      | 1767 ||| READING 3 scrolls labelled WIASSOUKKY.
  1768 | D:2      | 1768 ||| DRINKING 2 glowing purple potions.
  1769 | D:2      | 1769 ||| READING 2 scrolls of identify.
  1769 | D:2      | 1769 ||| IDENTIFYING black potion
  1770 | D:2      | 1770 ||| DROPPING potion of attraction.
  1771 | D:2      | 1771 ||| DROPPING potion of magic.
  1805 | D:3      | Noticed Grinder
  1814 | D:3      | Reached skill level 4 in Axes
  1825 | D:3      | Paralysed by Grinder for 3 turns
  1826 | D:3      | Slain by Grinder

Levels and vault maps discovered:
D:1:      dpeg_arrival_refuge, layout_loops_corners
D:2:      layout_basic, hellmonk_ecumenical_altar_blasted,
          nicolae_shop_vocational
D:3:      layout_rooms, led_sif_pool, mainiacjoe_overflow_catwalk,
          mainiacjoe_overflow_tiny_flanked, uniq_grinder

Skill      XL: |  1  2  3 |
---------------+----------+-----
Axes           | 3 4 |  4.0
Fighting       | |  2.0
Throwing       | |  1.0
Armour         | |  1.1
Dodging        | |  2.1
Spellcasting   | |  2.0
Translocations | |  2.4

Action                   || total
-------------------------++-------
Melee: Hand axe          ||    43
       Peck              ||    11
       Kick              ||     7
       Punch             ||     1
Throw: Boomerang         ||    27
  Use: Scroll            ||     3
       Potion            ||     1
Armor: Leather armour    ||     1
       Ring mail         ||     7
       Scale mail        ||    10
Dodge: Dodged            ||    14

Table legend:
 A = Non-vault XP
 B = Vault XP
 C = Vault XP percentage of total XP
 D = Non-vault monster count
 E = Vault monster count
 F = Vault count percentage of total count
                 A         B        C        D         E       F
            +---------+---------+-------+---------+---------+-------
      Total |      47 |       0 |   0.0 |      27 |       0 |   0.0
            +---------+---------+-------+---------+---------+-------
        D:1 |      17 |       0 |   0.0 |      10 |       0 |   0.0
        D:2 |      26 |       0 |   0.0 |      14 |       0 |   0.0
        D:3 |       4 |       0 |   0.0 |       3 |       0 |   0.0
            +---------+---------+-------+---------+---------+-------
